 Dungeon Crawl Stone Soup version 0.19-a0-347-g6bb00b2 (webtiles) character file.

219 Zhenya125pyc the Shield-Bearer (level 5, -7/46 HPs)
             Began as a Minotaur Fighter on May 29, 2016.
             Was a Follower of Hepliaklqana.
             Killed by nerve-wracking pain
             ... invoked by an orc priest
             ... led by the fury of Okawaru
              (8 damage)
             ... on level 4 of the Dungeon.
             The game lasted 00:04:17 (2400 turns).

Zhenya125pyc the Shield-Bearer (Minotaur Fighter)   Turns: 2400, Time: 00:04:18

Health: -7/46      AC:  9    Str: 22    XL:     5   Next: 63%
Magic:  4/4        EV:  7    Int:  5    God:    Hepliaklqana [*.....]
Gold:   209        SH: 10    Dex:  9    Spells: 0 memorised, 4 levels left

rFire  . . .     SeeInvis .     k - +0 war axe
rCold  . . .     Gourm    .     b - +0 scale mail
rNeg   . . .     Faith    .     c - +0 shield
rPois  .         Spirit   .     (helmet restricted)
rElec  .         Dismiss  .     (no cloak)
rCorr  .         Reflect  .     (no gloves)
SustAt .         Harm     .     a - +1 pair of boots
MR     .....                    (no amulet)
Stlth  ..........               (no ring)
                                (no ring)

@: slowed, very slow, not resistant to hostile enchantments, extremely
unstealthy
A: retaliatory headbutt, horns 2
a: Recall Ancestor, Ancestor Identity, Renounce Religion


You were on level 4 of the Dungeon.
You worshipped Hepliaklqana.
Hepliaklqana was aware of your devotion.
You were not hungry.

You visited 1 branch of the dungeon, and saw 4 of its levels.

You collected 209 gold pieces.

Inventory:

Hand Weapons
 k - a +0 war axe (weapon)
Armour
 a - a +1 pair of boots (worn)
 b - a +0 scale mail (worn)
 c - a +0 shield (worn)
Scrolls
 g - a scroll of random uselessness {unknown}
 h - a scroll of magic mapping {unknown}
 l - 2 scrolls of remove curse {unknown}
 m - a scroll of teleportation {unknown}
 n - 3 scrolls of identify {unknown}
Potions
 d - a potion of might
 e - a potion of brilliance {unknown}
 i - 3 potions of curing {unknown}
 j - 2 potions of heal wounds {unknown}
 p - 2 potions of lignification {unknown}
Comestibles
 f - 4 bread rations
 o - 2 meat rations
 q - a chunk of flesh


   Skills:
 + Level 4.3 Fighting
 * Level 2.9(3.7) Axes
   Level 3.4(4.0) Maces & Flails
 + Level 4.9 Armour
 + Level 5.0 Shields


You had 4 spell levels left.
You didn't know any spells.

Dungeon Overview and Level Annotations

Branches:
Dungeon (4/15)
 Temple: D:4-7

Altars:
Ashenzari
Elyvilon
Hepliaklqana
Okawaru
Qazlal
Trog


Innate Abilities, Weirdness & Mutations

You reflexively headbutt those who attack you in melee.
You have a pair of horns on your head.


Message History

Unknown command.
You are too injured to fight recklessly!
You are too injured to fight recklessly!
You barely miss the gnoll sergeant.
Your headbutt misses the gnoll sergeant.
The gnoll sergeant is severely wounded.
You hit the troll but do no damage.
You hit the orc knight but do no damage.
You barely miss the orc priest. You hit the gnoll but do no damage.
You hit the centaur but do no damage.
The centaur is moderately wounded.
The centaur hits you but does no damage.
The gnoll hits you but does no damage. You block the orc knight's attack.
The troll bites you!
* * * LOW HITPOINT WARNING * * *
You block the troll's attack. The troll claws you.
* * * LOW HITPOINT WARNING * * *
The orc priest invokes the aid of Okawaru against you.
Pain shoots through your body!
You die...

...#...#..........#...#.....#####
...#...#..........+...#.....#
...#...#..........#...#.....#
...'...#.....##+###...#.....#
...#...'...).+...>....#.....#
...#...#.....#........#.....#
...#...#.....#..oO....#.....#
...#...#.....#oToog...#.....#
...#...#.....#gg@##...#.....#
...#...#.....#.cg##...#.....#
...#...#.....#g.g.....#.....#
#...#.....+........#.....#
#........#.....# ######## #.....#
#######


You could see an orc knight, a troll, an ogre, a gnoll sergeant, a centaur, an
orc priest, 5 gnolls and 2 orcs.

Vanquished Creatures
  An ogre (D:4)
  An orc priest (D:4)
  An orc wizard (D:4)
  5 adders (D:3)
  A worm (D:3)
  2 dart slugs
  2 giant geckos
  8 orcs
  2 ball pythons
  8 giant cockroaches
  8 goblins
  6 hobgoblins
  7 jackals
  2 bats
  4 giant newts (D:1)
  2 kobolds (D:1)
  8 rats
68 creatures vanquished.

Vanquished Creatures (collateral kills)
  A hound (D:4)
  2 orcs (D:4)
  A giant newt (D:4)
4 creatures vanquished.

Vanquished Creatures (others)
  An ancestor (D:4)
1 creature vanquished.

Grand Total: 73 creatures vanquished

Notes
Turn   | Place    | Note
--------------------------------------------------------------
     0 | D:1      | Zhenya125pyc the Minotaur Fighter began the quest for the Orb.
     0 | D:1      | Reached XP level 1. HP: 19/19 MP: 0/0
   104 | D:1      | Reached XP level 2. HP: 27/27 MP: 1/1
   139 | D:1      | Reached skill level 4 in Shields
   396 | D:1      | Reached XP level 3. HP: 33/33 MP: 2/2
   978 | D:2      | Found a shattered altar of Ashenzari.
   978 | D:2      | Found a white marble altar of Elyvilon.
  1243 | D:3      | Reached XP level 4. HP: 36/40 MP: 3/3
  1315 | D:3      | Reached skill level 1 in Axes
  1383 | D:3      | Found an iron altar of Okawaru.
  1413 | D:3      | Became a worshipper of Warmaster Okawaru
  1427 | D:3      | Found a hazy altar of Hepliaklqana.
  1434 | D:3      | Fell from the grace of Okawaru
  1434 | D:3      | Became a worshipper of Hepliaklqana
  1605 | D:3      | Found a stormy altar of Qazlal.
  1607 | D:3      | Noticed an earth elemental
  1607 | D:3      | Noticed a fire elemental
  1608 | D:3      | Noticed a water elemental
  1608 | D:3      | Noticed an air elemental
  1833 | D:3      | Found a bloodstained altar of Trog.
  1997 | D:4      | Noticed an ogre
  2000 | D:4      | Killed an ogre
  2000 | D:4      | Reached XP level 5. HP: 45/46 MP: 4/4
  2108 | D:4      | Reached skill level 5 in Shields
  2250 | D:4      | Reached * piety under Hepliaklqana
  2393 | D:4      | Noticed a centaur
  2396 | D:4      | Noticed an orc knight
  2396 | D:4      | Noticed a troll
  2398 | D:4      | Noticed an ogre
  2400 | D:4      | HP: 1/46 [troll[the fury of Okawaru] (2)]
  2400 | D:4      | Killed from afar by an orc priest

Vault maps used:
D:1:      onia_arrival_larder, grunt_decor_one_mirror
D:2:      gammafunk_temple_overflow_elements, first_bread
D:3:      old_standard_altar, lightli_temple_of_fire, okawaru_metal_pillars_1_2,
          hangedman_decor_growths, nicolae_qazlal_style_of_elements

Skill      XL: |  1  2  3  4  5 |
---------------+----------------+-----
Shields        | 4 5 |  5.0
Maces & Flails | 3 |  3.4
Armour         | 4 |  4.9
Axes           | 2 |  2.9
Fighting       | 4 |  4.3

Action                   |  1- 3 |  4- 6 || total
-------------------------+-------+-------++-------
Melee: Flail             |   116 |       ||   116
       Headbutt          |    16 |    10 ||    26
       War axe           |    16 |    58 ||    74
  Eat: Chunk             |       |     5 ||     5
Armor: Scale mail        |    50 |    44 ||    94
Dodge: Dodged            |    33 |    23 ||    56
Block: Shield            |    65 |    43 ||   108
